Map: Blackpink LE

Players

ShoWTimE

  • Race: Protoss Protoss
  • Spawn Location: 1:00

Maru - Winner!

  • Race: Terran Terran
  • Spawn Location: 7:00

Event: IEM Season 12 - Katowice

VOD

Have the link to the VOD?

Description

Time

  • Played on: March 1, 2018, 6:32 a.m.
  • Length: 9:46

All games in this series

Show
View Real Time Build Order
Export as new Build Order

ShoWTimE Protoss 

Build Orders:  

Get SALT Encoding   

  12  0:00  Probe  
  13  0:12  Probe  
  14  0:17  Pylon  
  14  0:24  Probe  
  15  0:36  Probe  
  15  0:38  Gateway  
  16  0:47  Assimilator  
  16  0:49  Probe  
  17  0:55  Pylon  
  17  1:01  Probe  
  18  1:13  Probe, Gateway  
  19  1:25  Probe, Cybernetics Core  
  20  1:31  Zealot  
  22  1:38  Probe  
  23  1:42  Assimilator  
  23  1:51  Probe  
  24  1:58  Stalker (Chrono Boost)  
  28  2:09  Probe, Pylon, Stalker (Chrono Boost)  
  29  2:16  Warp Gate (Chrono Boost)  
  29  2:21  Probe  
  30  2:25  Stalker  
  31  2:35  Stalker  
  33  2:57  Nexus  
  33  3:05  Stalker  
  35  3:07  Probe  
  36  3:17  Pylon  
  36  3:26  Probe  
  36  3:34  Twilight Council  
  36  3:38  Probe  
  36  3:40  Gateway  
  37  3:50  Probe (Chrono Boost)  
  39  4:02  Probe (Chrono Boost)  
  39  4:08  Blink (Chrono Boost)  
  39  4:11  Probe (Chrono Boost)  
  39  4:12  Probe (Chrono Boost), Adept, Sentry  
  45  4:17  Probe x2  
  47  4:25  Probe  
  47  4:29  Probe  
  49  4:37  Probe  
  50  4:41  Probe  
  50  4:44  Pylon  
  51  4:49  Probe  
  52  4:53  Probe  
  52  4:56  Stalker  
  54  5:01  Probe  
  54  5:05  Probe  
  56  5:13  Probe  
  56  5:17  Probe  
  56  5:18  Stalker x2  
  61  5:23  Nexus  
  61  5:26  Pylon  
  61  5:27  Probe  
  62  5:29  Probe  
  62  5:34  Pylon  
  63  5:43  Gateway  
  63  5:45  Gateway  
  63  5:46  Probe  
  63  5:47  Probe  
  63  5:49  Charge (Chrono Boost)  
  65  5:52  Gateway  
  65  5:53  Sentry  
  67  5:57  Gateway  
  67  6:01  Probe, Phoenix  
  68  6:05  Gateway  
  68  6:06  Probe  
  69  6:13  Probe  
  69  6:18  Probe, Zealot  
  72  6:19  Zealot  
  72  6:23  Zealot  
  72  6:25  Probe  
  78  6:29  Robotics Facility  
  78  6:30  Probe  
  79  6:35  Probe  
  79  6:37  Probe  
  81  6:42  Probe  
  82  6:47  Probe  
  82  6:49  Probe  
  84  6:55  Probe  
  84  6:57  Zealot  
  84  6:58  Zealot x5  
  97  7:06  Pylon  
  97  7:07  Zealot  
  97  7:08  Zealot  
  101  7:11  Pylon  
  101  7:21  Gateway  
  101  7:23  Pylon  
  101  7:24  Pylon, Observer  
  101  7:27  Pylon  
  102  7:35  Zealot x3  
  108  7:38  Pylon  
  108  7:43  Zealot x4  
  116  7:50  Pylon  
  116  7:57  Zealot x2  
  118  8:04  Zealot x5  
  100  8:06  Warp Prism  
  82  8:26  Zealot x8  
  98  8:34  Forge  
  98  8:36  Probe x3  
  98  8:37  Forge  
  98  8:38  Templar Archives  
  101  8:47  Zealot x7  
  115  8:51  Zealot  
  117  9:01  Pylon  
  117  9:08  Zealot x5  
  117  9:09  Zealot  
  125  9:16  Zealot x2  
  103  9:28  High Templar x3  
  103  9:29  High Templar  
  105  9:32  Archon  
  105  9:33  Zealot, Archon  
  105  9:34  Zealot  
  97  9:39  Zealot x2  
Show
View Real Time Build Order
Export as new Build Order

Maru Terran - Winner!

Build Orders: Cyclone Opening, Gas First Reaper Expand, Reaper Expand, MMM Bio 

Get SALT Encoding   

  12  0:00  SCV  
  13  0:13  SCV  
  14  0:17  Supply Depot  
  14  0:25  SCV  
  15  0:29  Refinery  
  15  0:39  SCV  
  16  0:44  Barracks  
  16  0:51  SCV  
  17  1:03  SCV  
  18  1:15  SCV  
  19  1:31  Reaper, Orbital Command  
  20  1:41  Command Center  
  20  1:53  Factory  
  20  1:57  SCV  
  21  2:04  Supply Depot  
  21  2:07  Barracks Reactor  
  21  2:10  SCV  
  22  2:18  Bunker  
  22  2:22  SCV  
  23  2:26  Command Center  
  23  2:34  SCV  
  24  2:43  Marine x2  
  25  2:46  Cyclone  
  28  2:51  Refinery  
  28  2:54  SCV  
  29  2:58  Supply Depot  
  29  3:03  Marine  
  29  3:04  Marine  
  31  3:20  SCV  
  31  3:26  Marine x2  
  34  3:28  Factory Tech Lab  
  34  3:32  SCV  
  34  3:38  Orbital Command  
  34  3:40  Barracks  
  34  3:44  SCV  
  34  3:47  Siege Tank  
  38  3:48  Reaper  
  39  3:56  Barracks  
  39  3:59  SCV  
  40  4:05  SCV  
  40  4:08  Marine  
  42  4:12  Supply Depot  
  42  4:19  Siege Tank  
  42  4:20  Marine  
  46  4:28  Barracks Tech Lab  
  46  4:29  SCV  
  46  4:30  SCV  
  48  4:34  Marine, Engineering Bay  
  48  4:38  Marine  
  50  4:46  Marine  
  50  4:47  Stimpack, Orbital Command  
  50  4:50  SCV  
  52  5:02  SCV  
  52  5:06  Marine x2, Marauder x2  
  59  5:07  Terran Infantry Weapons Level 1  
  59  5:08  Supply Depot  
  59  5:14  SCV x2  
  59  5:19  Missile Turret  
  60  5:25  Factory Reactor  
  60  5:26  SCV x2  
  62  5:32  Starport  
  62  5:37  Supply Depot  
  62  5:38  SCV x2  
  62  5:40  Marauder  
  68  5:43  Marauder  
  68  5:49  Supply Depot  
  68  5:50  SCV, Marine  
  70  5:58  Supply Depot, Marine  
  70  5:59  SCV  
  70  6:00  Supply Depot  
  72  6:07  Barracks x2  
  72  6:11  Factory Reactor  
  72  6:13  Refinery  
  72  6:14  Combat Shields  
  72  6:16  Marine  
  72  6:17  Marine  
  72  6:18  SCV x2  
  75  6:24  Medivac  
  78  6:30  SCV x2  
  78  6:32  Medivac  
  82  6:34  Marine x2  
  82  6:38  Supply Depot  
  82  6:39  Marauder  
  88  6:40  Marauder  
  88  6:44  Refinery  
  88  6:48  Widow Mine x2  
  92  6:54  Concussive Shells  
  92  6:55  Marine  
  92  6:56  Marine x3  
  92  7:00  Supply Depot  
  92  7:01  Marauder x2  
  100  7:03  Supply Depot  
  100  7:16  Barracks Reactor, Barracks Tech Lab  
  100  7:17  Widow Mine x2  
  100  7:19  SCV  
  100  7:20  SCV  
  100  7:21  Supply Depot x2  
  106  7:25  Medivac  
  106  7:27  Marauder x2  
  112  7:30  Marine x2  
  112  7:31  SCV  
  112  7:35  Terran Infantry Armor Level 1  
  115  7:40  Marine  
  115  7:43  Widow Mine  
  118  7:45  Widow Mine  
  118  7:48  Marauder  
  118  7:51  Marine x2, Marauder  
  126  7:53  Marine  
  126  7:58  Medivac  
  126  8:03  Marine, Marauder  
  126  8:04  Widow Mine  
  115  8:08  Marine  
  115  8:09  Marauder  
  105  8:14  Widow Mine  
  96  8:23  Medivac  
  96  8:24  Marine x2  
  96  8:25  Widow Mine  
  100  8:28  Medivac  
  100  8:31  Marauder x3  
  100  8:33  Marine x2  
  108  8:37  Widow Mine  
  110  8:43  Marine x2  
  110  8:48  Widow Mine  
  114  8:51  Marine x2  
  114  8:54  Command Center  
  116  8:57  Marauder  
  116  8:58  Marauder  
  116  9:00  Marauder  
  122  9:03  Medivac  
  122  9:07  Medivac  
  122  9:08  Marine  
  125  9:10  Marine x2  
  125  9:15  Marine  
  122  9:19  Marauder  
  122  9:20  Marauder  
  122  9:21  Widow Mine x2, Marine  
  131  9:27  Supply Depot, Marine  

Tags
 
Add a new tag
Caveats
  • Supply blocks, unpowered buildings, or Contaminate may cause inaccurate times.
  • Supply counts are checked every 10 seconds.